 Dungeon Crawl Stone Soup version 0.21.1-1-g345015f (webtiles) character file.

56 Lilu the Conjurer (level 3, -6/19 HPs)
             Began as a Deep Elf Conjurer on July 25, 2018.
             Mangled by a bullfrog (7 damage)
             ... on level 2 of the Dungeon.
             The game lasted 00:06:57 (1472 turns).

Lilu the Conjurer (Deep Elf Conjurer)               Turns: 1472, Time: 00:06:58

Health: -6/19      AC:  2    Str:  6    XL:     3   Next: 69%
Magic:  9/9        EV: 13    Int: 19    God:
Gold:   117        SH:  0    Dex: 15    Spells: 5/8 levels left

rFire    + . .     SeeInvis .   h - +0 club
rCold    . . .     Gourm    .   (no shield)
rNeg     + . .     Faith    .   a - +0 robe
rPois    .         Spirit   .   (no helmet)
rElec    .         Reflect  .   (no cloak)
rCorr    .         Harm     .   (no gloves)
MR       .....                  (no boots)
Stlth    ++........             (no amulet)
HPRegen  0.06/turn              k - ring of protection from fire
MPRegen  0.11/turn              p - ring of positive energy

@: no status effects
A: no striking features
a: no special abilities


You were on level 2 of the Dungeon.
You were not hungry.

You visited 1 branch of the dungeon, and saw 2 of its levels.

You collected 117 gold pieces.

Inventory:

Hand Weapons
 h - a +0 club (weapon)
Missiles
 d - 51 stones (quivered)
 m - 33 poisoned needles
Armour
 a - a +0 robe (worn)
Jewellery
 k - a ring of protection from fire (left hand)
 p - a ring of positive energy (right hand)
Scrolls
 e - a scroll of enchant armour {unknown}
 g - 4 scrolls of identify {unknown}
 i - a scroll of remove curse {unknown}
 j - a scroll of amnesia
 q - a scroll of immolation {unknown}
 r - a scroll of magic mapping {unknown}
Potions
 l - a potion of curing {unknown}
 n - a potion of degeneration {unknown}
 o - a potion of mutation {unknown}
Books
 b - a book of Conjurations

   Spells                             Type                      Level
   a - Magic Dart                     Conjuration                  1
   b - Searing Ray                    Conjuration                  2
   c - Dazzling Spray                 Conjuration/Hexes            3
   d - Fulminant Prism                Conjuration/Hexes            4
   e - Force Lance                    Conjuration/Translocation    4
   f - Iskenderun's Mystic Blast      Conjuration                  4
Comestibles
 c - 7 rations
 f - a chunk of flesh


   Skills:
 - Level 2.4 Dodging
 - Level 2.4 Stealth
 - Level 3.0 Spellcasting
 + Level 6.0 Conjurations


You had 5 spell levels left.
You knew the following spells:

 Your Spells              Type           Power        Failure   Level  Hunger
a - Magic Dart            Conj           ####         1%          1    None
b - Searing Ray           Conj           ####..       1%          2    ##.....


Dungeon Overview and Level Annotations

Branches:
Dungeon (2/15)

Altars:
Nemelex Xobeh
Yredelemnul


Message History

The bullfrog hits you. The bullfrog misses you.
The bullfrog completely misses you. The bullfrog closely misses you.
The bullfrog hits you. The bullfrog hits you.
Okay, then.
As you read the scroll labeled UDUOF QYNIO, it crumbles to dust.
It is a scroll of amnesia.
Okay, then.
The bullfrog barely misses you. The adder barely misses you.
The adder bites you but does no damage. The adder barely misses you.
The adder completely misses you. The bullfrog barely misses you.
The bullfrog closely misses you.
There is a stone staircase leading up here.
The bullfrog hits you!
* * * LOW HITPOINT WARNING * * *
The bullfrog hits you!
You die...

# #.........# #
#.####.#..# # #.#$
####.# # #.#$. #..#
#####.##..###.#
#.....#.....#.#
#.....#.#.#.'.#
#.....#############
..............SF@.#
#.###.##....#######
........⌠.⌠.#
...#....._..#
........⌠.⌠##
......<...>#
...#.###.### ####.#
#.# #...# #.#


You could see a bullfrog and an adder.

Vanquished Creatures
  An adder (D:2)
  4 worms (D:2)
  A leopard gecko (D:1)
  5 bats
  3 giant cockroaches
  5 goblins
  2 hobgoblins (D:1)
  A quokka (D:2)
  2 frilled lizards
  3 kobolds
  8 rats
35 creatures vanquished.

Notes
Turn   | Place    | Note
-------+----------+-------------------------------------------
     0 | D:1      | Lilu the Deep Elf Conjurer began the quest for the Orb.
     0 | D:1      | Reached XP level 1. HP: 10/10 MP: 6/6
   311 | D:1      | Reached XP level 2. HP: 12/15 MP: 6/8
   321 | D:1      | Reached skill level 5 in Conjurations
   619 | D:2      | Found a sparkling altar of Nemelex Xobeh.
   652 | D:2      | Learned a level 2 spell: Searing Ray
   827 | D:2      | Found a basalt altar of Yredelemnul.
   884 | D:2      | Reached XP level 3. HP: 19/19 MP: 1/9
  1268 | D:2      | Reached skill level 6 in Conjurations
  1438 | D:2      | Noticed a bullfrog
  1472 | D:2      | Mangled by a bullfrog

Skill      XL: |  1  2  3 |
---------------+----------+-----
Conjurations   | 5 6 |  6.0
Dodging        | |  2.4
Stealth        | |  2.4
Spellcasting   | |  3.0

Action                   || total
-------------------------++-------
Melee: Unarmed           ||     6
 Cast: Magic Dart        ||    59
       Searing Ray       ||     6
  Use: Scroll            ||     1
  Eat: Chunk             ||     2
Armor: Robe              ||     7
Dodge: Dodged            ||    29
